 Dungeon Crawl Stone Soup version 0.30-a0-297-g0ec75d9ef4 (webtiles) character file.

Game seed: 16898584574637725273

16564 Homeless the Fighter (level 12, -1/140 HPs)
             Began as an Ogre Chaos Knight on Oct 18, 2022.
             Was a Plaything of Xom.
             Slain by Urug
             ... wielding a +1 vampiric demon trident
              (13 damage)
             ... on level 12 of the Dungeon.
             The game lasted 00:45:35 (15374 turns).

Homeless the Fighter (Ogre Chaos Knight)           Turns: 15374, Time: 00:45:38

Health: -1/140     AC: 17    Str: 23    XL:     12   Next: 38%
Magic:  17/17      EV: 11    Int: 13    God:    Xom [*.....]
Gold:   894        SH:  0    Dex:  8    Spells: 16/17 levels left

rFire   + . .      SeeInvis .    t - +9 war axe (vorpal)
rCold   . . .      Faith    .    (no shield)
rNeg    . . .      Spirit   .    E - +0 acid dragon scales
rPois   .          Reflect  .    (helmet restricted)
rElec   .          Harm     .    o - +1 cloak
rCorr   +          Rampage  .    (gloves unavailable)
Will    +....      Clarity  +    (boots unavailable)
Stlth   +.........               q - amulet of regeneration
HPRegen 1.23/turn                r - +4 ring of protection
MPRegen 0.15/turn                A - +4 ring of protection

@: cleaving
A: large, unfitting armour, tough skin 1, clarity, fire resistance 1, evolution
1
a: Renounce Religion


You were on level 12 of the Dungeon.
You worshipped Xom.
You were a special plaything of Xom.
You visited 1 branch of the dungeon, and saw 12 of its levels.

You collected 894 gold pieces.

Inventory:

Hand Weapons
 t - a +9 vorpal war axe (weapon)
Missiles
 D - a throwing net
Armour
 o - a +1 cloak (worn)
 E - +0 acid dragon scales (worn)
Jewellery
 g - a ring of fire
 k - a ring of ice
 q - an amulet of regeneration (around neck)
 r - a +4 ring of protection (left hand)
 v - a ring of protection from cold
 x - a +6 ring of dexterity
 A - a +4 ring of protection (right hand)
 C - an amulet of magic regeneration
Wands
 l - a wand of digging (7)
 n - a wand of iceblast (15)
 p - a wand of light (8)
 s - a wand of paralysis (2)
 u - a wand of flame (14)
Scrolls
 a - a scroll of teleportation
 m - 4 scrolls of magic mapping
 w - a scroll of torment
 B - 2 scrolls of identify
Potions
 d - 2 potions of magic
 e - 5 potions of curing
 f - 4 potions of flight
 h - a potion of haste
 z - 2 potions of cancellation
Miscellaneous
 c - a piece from Xom's chessboard (inert) (quivered)


   Skills:
 - Level 14.5 Fighting
 - Level 11.6 Axes
 - Level 10.9 Dodging
 * Level 3.4 Spellcasting
 * Level 2.8 Transmutations


You had 16 spell levels left.
You knew the following spells:

 Your Spells              Type           Power      Damage    Failure   Level
a - Beastly Appendage     Tmut           18%        N/A       9%          1

Your spell library contained the following spells:

 Spells                   Type           Power      Damage    Failure   Level
 Wereblood                Tmut           9%         N/A       13%         2
 Shock                    Conj/Air       8%         1d3       28%         1
 Cigotuvi's Dreadful Rot  Necr/Pois/Air  4%         N/A       38%         2
 Poisonous Vapours        Pois/Air       4%         N/A       38%         2
 Sublimation of Blood     Necr           2%         N/A       38%         2
 Spider Form              Tmut/Pois      5%         N/A       43%         3
 Ignite Poison            Fire/Tmut/Pois 4%         N/A       50%         3
 Dazzling Flash           Conj/Hex       4%         N/A       63%         3
 Kindle Blastsparks       Fire/Tloc/Air  4%         2d10      63%         3
 Mephitic Cloud           Conj/Pois/Air  2%         N/A       63%         3
 Swiftness                Air            2%         N/A       63%         3
 Petrify                  Tmut/Erth      5%         N/A       83%         4
 Airstrike                Air            1%         2d(1-17)  95%         4
 Passage of Golubria      Tloc           2%         N/A       95%         4
 Summon Lightning Spire   Summ/Air       2%         N/A       95%         4
 Irradiate                Conj/Tmut      2%         3d12      99%         5
 Agony                    Necr           2%         N/A       100%        5
 Freezing Cloud           Conj/Ice/Air   1%         6-21      100%        5
 Silence                  Hex/Air        1%         N/A       100%        5
 Storm Form               Tmut/Air       2%         N/A       100%        7
 Lehudib's Crystal Spear  Conj/Erth      1%         10d2      100%        8
 Maxwell's Capacitive Co  Air            1%         ∞         100%        8


Dungeon Overview and Level Annotations

Branches:
Dungeon (12/15)            Temple (0/1) D:6            Lair (0/5) D:8
    Orc: D:9-12

Altars:
Ashenzari
Dithmenos
Fedhas
Hepliaklqana
Nemelex Xobeh
Okawaru
Qazlal
Ru
Vehumet
Wu Jian
Xom
Yredelemnul
The Shining One

Shops:
D:8 [

Annotations:
D:12 Urug


Innate Abilities, Weirdness & Mutations

You are too large for most types of armour.
You have tough skin. (AC +1)
You possess an exceptional clarity of mind.
Your flesh is heat resistant. (rF+)
You have hidden genetic potential.


Message History

Really read the scroll of torment?
Okay, then.
Aiming: Paralyse
Press: ? - help, Shift-Dir - straight line, f - Urug
Aim: Urug, wielding a +1 vampiric demon trident, wearing a +2 chain mail of cold resistance, quivering javelins and carrying a wand of paralysis (5) (chance to affect: 31%) Urug easily resists.
Urug hits you from afar with a +1 vampiric demon trident!!
You emit a cloud of colourful smoke!
It's broken and can't be closed.
You slash Urug!
Urug is moderately wounded.
Urug zaps a wand.
You resist with almost no effort.
You slash Urug!
Urug is heavily wounded.
Urug drinks a potion.
Urug goes berserk!
You slash Urug!
Urug is severely wounded.
Urug hits you with a +1 vampiric demon trident!!
You closely miss Urug.
Urug is severely wounded. "Go forth and destroy!"
Your +9 vorpal war axe looks sharp (like it always does).
Urug hits you with a +1 vampiric demon trident!
Urug hits you with a +1 vampiric demon trident!!
You hit Urug but do no damage.
Urug is severely wounded.
Urug hits you with a +1 vampiric demon trident!!
* * * LOW HITPOINT WARNING * * *
You hit Urug but do no damage. You punch Urug, but do no damage.
Urug is severely wounded.
Urug barely misses you.
Okay, then.
You barely miss Urug.
Urug is severely wounded.
Urug hits you with a +1 vampiric demon trident!
* * * LOW HITPOINT WARNING * * *
Urug draws strength from your wounds!
Urug hits you with a +1 vampiric demon trident!
You die...
Xom thinks this is hilarious!

..≈≈.'########
#......#.≈8≈≈≈≈≈≈≈≈≈≈ x
#......#.8≈≈≈≈≈≈≈≈≈≈≈
#......#...........)) .o..
#......'........#)..# ....
#......#........'...# >....
#......#........#)..^ .....
#....§°#........'....
......#...@§○#........#....
......#####o##........#....
......................##...
.......................#...
.............#######...#...
.............# #...####
.............# #.......
.......^.....# #.......
.............# #.......


You could see Urug (berserk).

Vanquished Creatures
  2 boulder beetles
  2 two-headed ogres
  Erica (D:9)
  Lodul (D:11)
  An orc knight (D:12)
  Pikel (D:7)
  A deep elf pyromancer (D:12)
  2 cyclopes
  2 manticores
  A gargoyle (D:7)
  2 unseen horrors
  Maggie (D:9)
  A rime drake (D:10)
  2 trolls
  Sigmund (D:2)
  3 wyverns
  13 yaks
  A shadow (D:12)
  A wraith (D:10)
  A steam dragon (D:10)
  3 vampire mosquitoes (D:12)
  A basilisk (D:8)
  A warg (D:12)
  Menkaure (D:4)
  2 acid dragons
  5 water moccasins
  An ice beast (D:8)
  2 orc warriors
  2 sky beasts (D:6)
  8 ogres (D:11)
  5 centaurs
  3 lemures (D:7)
  7 bullfrogs
  2 kobold brigands
  A necrophage (D:6)
  5 scorpions
  4 wights (D:6)
  9 killer bees
  4 electric eels (D:12)
  4 howler monkeys
  2 hounds
  A gnoll bouda (D:8)
  A jelly (D:6)
  2 orc priests
  4 orc wizards
  2 iguanas
  6 adders
  7 gnolls
  2 shadow imps
  2 white imps (D:6)
  An ufetubus (D:5)
  2 dart slugs
  31 orcs
  4 ball pythons
  8 bats
  3 endoplasms
  3 giant cockroaches
  10 goblins
  7 hobgoblins
  8 jackals
  A quokka (D:1)
  2 frilled lizards
  13 kobolds
  9 rats
  A spectral goblin (D:5)
242 creatures vanquished.

Vanquished Creatures (collateral kills)
  A cyclops (D:12)
  A yak (D:8)
  A centaur (D:7)
  An orc priest (D:12)
  An orc (D:9)
5 creatures vanquished.

Vanquished Creatures (others)
  A bush (D:8)
  2 fungi (D:8)
  17 plants (D:8)
20 creatures vanquished.

Grand Total: 267 creatures vanquished

Notes
Turn   | Place    | Note
-------+----------+-------------------------------------------
     0 | D:1      | Homeless the Ogre Chaos Knight began the quest for the Orb.
     0 | D:1      | Reached XP level 1. HP: 24/24 MP: 1/1
    65 | D:1      | Reached XP level 2. HP: 23/32 MP: 2/2
   407 | D:1      | XOM: silly message
   661 | D:1      | Reached XP level 3. HP: 39/39 MP: 3/3
  1121 | D:1      | XOM: divination: detect creatures
  1787 | D:2      | Found a faded altar of an unknown god.
  1837 | D:2      | Noticed Sigmund
  1837 | D:2      | XOM: silly message
  1850 | D:2      | XOM: cast spell 'Alistair's Intoxication'
  1852 | D:2      | Killed Sigmund
  1853 | D:2      | Reached XP level 4. HP: 48/48 MP: 4/4
  1853 | D:2      | Reached XP level 5. HP: 54/54 MP: 5/5
  2036 | D:2      | XOM: silly message
  2437 | D:3      | Reached XP level 6. HP: 46/62 MP: 6/6
  2748 | D:3      | XOM: 4-stop teleportation journey
  3516 | D:4      | Noticed Menkaure
  3539 | D:4      | XOM: smoke on damage
  3540 | D:4      | Killed Menkaure
  4163 | D:4      | Reached XP level 7. HP: 62/70 MP: 7/7
  4253 | D:4      | XOM: divination: detect items
  4445 | D:4      | XOM: cloud trail
  4447 | D:4      | XOM: 1-stop teleportation journey
  4510 | D:4      | Found an ornate altar of the Wu Jian Council.
  4621 | D:4      | XOM: draining
  4750 | D:4      | XOM: summons 4 hostile demons
  5319 | D:4      | XOM: summons 4 hostile demons
  5986 | D:5      | Entered Level 5 of the Dungeon
  5994 | D:5      | XOM: noise
  6002 | D:5      | XOM: enchant monster (good)
  6121 | D:5      | XOM: torment (30/66 hp)
  6376 | D:5      | XOM: 4-stop teleportation journey
  6544 | D:5      | XOM: summons 4 hostile demons
  6679 | D:5      | XOM: stat loss: -1 Str (18/19)
  6682 | D:5      | XOM: 5-stop teleportation journey
  6783 | D:5      | Found a hazy altar of Hepliaklqana.
  7000 | D:6      | XOM: swap monsters
  7019 | D:6      | Reached skill level 5 in Fighting
  7019 | D:6      | Reached XP level 8. HP: 80/80 MP: 8/8
  7084 | D:6      | Reached skill level 6 in Fighting
  7218 | D:6      | XOM: noise
  7220 | D:6      | Reached skill level 7 in Fighting
  8027 | D:6      | XOM: silly message
  8159 | D:6      | You fall into a shaft and drop 1 floor!
  8165 | D:7      | Reached skill level 8 in Fighting
  8189 | D:6      | Identified the +7 hand axe "Beecraro" {spect, rF+ Int+6
                  | Dex-3}
  8217 | D:6      | Reached skill level 9 in Fighting
  8349 | D:6      | Found a staircase to the Ecumenical Temple.
  8529 | D:6      | XOM: silly message
  8557 | D:6      | Found a stormy altar of Qazlal.
  8557 | D:6      | Found a radiant altar of Vehumet.
  8570 | D:6      | Found a shadowy altar of Dithmenos.
  8577 | D:6      | Reached skill level 10 in Fighting
  8582 | D:6      | Found a sacrificial altar of Ru.
  8582 | D:6      | Found a shimmering altar of Xom.
  8589 | D:6      | Found a glowing golden altar of the Shining One.
  8590 | D:6      | Found a basalt altar of Yredelemnul.
  8668 | D:6      | Reached XP level 9. HP: 101/101 MP: 9/9
  8709 | D:6      | XOM: silly message
  8941 | D:6      | XOM: stat loss: -1 Str (21/22)
  9120 | D:7      | XOM: god gift: fine arbalest {god gift}
  9120 | D:7      | Identified the +6 arbalest "Gaveorcha" {elec, rC+ rCorr}
                  | (Xom gifted it to you on level 7 of the Dungeon)
  9132 | D:7      | XOM: god gift: 13 gold pieces
  9194 | D:7      | XOM: summons friendly iron imp
  9211 | D:7      | Noticed Pikel
  9228 | D:7      | XOM: summons friendly crimson imp
  9232 | D:7      | Killed Pikel
  9233 | D:7      | Reached skill level 11 in Fighting
  9241 | D:7      | Reached skill level 12 in Fighting
  9465 | D:7      | XOM: summons 9 friendly demons
  9790 | D:7      | Noticed a gargoyle
  9799 | D:7      | XOM: summons 9 friendly demons
  9800 | D:7      | Killed a gargoyle
  9801 | D:7      | Reached skill level 13 in Fighting
 10024 | D:7      | XOM: give mutations
 10024 | D:7      | Gained mutation: You are dopey. (Int -2) [Xom's mischief]
 10024 | D:7      | Gained mutation: You expend magic power (3 MP) to
                  | strengthen your wands. [Xom's mischief]
 10024 | D:7      | Gained mutation: You occasionally shout uncontrollably at
                  | your foes. [Xom's mischief]
 10024 | D:7      | Lost mutation: You expend magic power (3 MP) to strengthen
                  | your wands. [Xom's mischief]
 10117 | D:8      | XOM: confuse monster(s)
 10139 | D:8      | XOM: potion effect (haste)
 10156 | D:8      | XOM: god gift: glaive {god gift}
 10162 | D:8      | Reached skill level 14 in Fighting
 10208 | D:8      | Reached XP level 10. HP: 122/123 MP: 10/10
 10256 | D:8      | XOM: summons friendly shadow imp
 10509 | D:8      | XOM: divination: magic mapping
 10512 | D:8      | XOM: enchant monster (good)
 10519 | D:8      | Reached skill level 10 in Axes
 10683 | D:8      | Found a staircase to the Lair.
 10709 | D:8      | Found Ruikoma's Armour Emporium.
 10797 | D:8      | Noticed a cyclops
 10811 | D:8      | Killed a cyclops
 11076 | D:9      | Noticed Erica
 11094 | D:9      | Killed Erica
 11388 | D:9      | Found an iron altar of Okawaru.
 11448 | D:9      | XOM: blink monster(s)
 11451 | D:9      | Reached skill level 5 in Dodging
 11451 | D:9      | Reached XP level 11. HP: 122/131 MP: 11/11
 11648 | D:9      | Noticed Maggie
 11660 | D:9      | Killed Maggie
 11671 | D:9      | XOM: noise
 11839 | D:9      | XOM: summons friendly ufetubus
 11925 | D:9      | Found a sparkling altar of Nemelex Xobeh.
 11928 | D:9      | Found a broken altar of Ashenzari.
 11931 | D:9      | Found a blossoming altar of Fedhas.
 12007 | D:10     | Entered Level 10 of the Dungeon
 12060 | D:10     | XOM: 2-stop teleportation journey
 12131 | D:10     | Noticed a two-headed ogre
 12143 | D:10     | Killed a two-headed ogre
 12384 | D:10     | Found a transporter.
 12386 | D:10     | Found a transporter.
 12391 | D:10     | XOM: potion effect (haste)
 12399 | D:10     | XOM: potion effect (haste)
 12417 | D:10     | XOM: potion effect (brilliance)
 12419 | D:10     | XOM: summons 3 friendly demons
 12437 | D:10     | XOM: summons friendly shadow imp
 12440 | D:10     | XOM: divination: detect items
 12446 | D:10     | XOM: cast spell 'Monstrous Menagerie'
 12554 | D:10     | Noticed a boulder beetle
 12709 | D:10     | Lost mutation: You occasionally shout uncontrollably at
                  | your foes. [potion of mutation]
 12709 | D:10     | Lost mutation: You are dopey. (Int -2) [potion of mutation]
 12709 | D:10     | Gained mutation: You are frail. (-10% HP) [potion of
                  | mutation]
 12709 | D:10     | Gained mutation: You have an increased reservoir of magic.
                  | (+10% MP) [potion of mutation]
 12709 | D:10     | Lost mutation: You are frail. (-10% HP) [potion of
                  | mutation]
 12717 | D:10     | Lost mutation: You have an increased reservoir of magic.
                  | (+10% MP) [potion of mutation]
 12717 | D:10     | Gained mutation: You have hidden genetic potential. [potion
                  | of mutation]
 12717 | D:10     | Gained mutation: Your flesh is heat resistant. (rF+)
                  | [potion of mutation]
 12748 | D:10     | Killed a boulder beetle
 12962 | D:11     | Noticed a two-headed ogre
 12962 | D:11     | Noticed a boulder beetle
 12973 | D:11     | Killed a two-headed ogre
 12987 | D:11     | XOM: summons friendly shadow imp
 13049 | D:11     | Noticed Lodul
 13052 | D:11     | Noticed a manticore
 13073 | D:11     | XOM: enchant monster (good)
 13151 | D:11     | XOM: enchant monster (good)
 13165 | D:11     | Killed Lodul
 13174 | D:11     | Reached skill level 10 in Dodging
 13260 | D:11     | Killed a boulder beetle
 13261 | D:11     | Reached XP level 12. HP: 133/140 MP: 12/12
 13568 | D:11     | XOM: confuse monster(s)
 13575 | D:11     | XOM: divination: magic mapping
 14242 | D:11     | XOM: cloud trail
 14420 | D:11     | XOM: god gift: book of Changes
 14425 | D:11     | XOM: scenery: create altars
 14697 | D:12     | Learned a level 1 spell: Beastly Appendage
 14720 | D:12     | XOM: cast spell 'Statue Form'
 14722 | D:12     | XOM: summons 7 friendly demons
 14742 | D:12     | Reached skill level 1 in Spellcasting
 14742 | D:12     | Reached skill level 1 in Transmutations
 15066 | D:12     | XOM: divination: detect creatures
 15255 | D:12     | XOM: cast spell 'Chain of Chaos'
 15258 | D:12     | XOM: cast spell 'Call Canine Familiar'
 15269 | D:12     | XOM: polymorph orc -> jackal
 15270 | D:12     | XOM: potion effect (might)
 15325 | D:12     | XOM: 1-stop teleportation journey
 15328 | D:12     | Gained mutation: You possess an exceptional clarity of
                  | mind. [hidden potential]
 15352 | D:12     | Noticed Urug
 15366 | D:12     | XOM: smoke on damage
 15371 | D:12     | XOM: cleaving
 15374 | D:12     | Slain by Urug

Illustrated notes

Levels and vault maps discovered:
D:1:      saegor_arrival_miasma, layout_basic
D:2:      layout_basic, basic_ecumenical_altar, uniq_sigmund
D:3:      layout_basic
D:4:      layout_layer_cave, nicolae_wu_jian_glorious_leap,
          chequers_serial_rivers_micro_e, kennysheep_generic_room_3,
          uniq_menkaure
D:5:      layout_cave_pools, nicolae_hepliaklqana_monster_ancestors,
          minmay_misc_feat_five, minivault_4
D:6:      layout_cave_pods, nicolae_overflow_hallway_of_the_gods,
          minmay_temple_entry_large_hall, serial_rivers,
          chequers_serial_rivers_room_b, chequers_serial_rivers_marsh,
          chequers_serial_rivers_large_a, chequers_serial_rivers_marsh,
          chequers_serial_rivers_micro_c, chequers_serial_rivers_micro_e
D:7:      layout_cave_pools, enter_ossuary_1, kennysheep_small_spiral,
          uniq_pikel
D:8:      layout_gridville, minmay_lair_entry_grove, serial_shops,
          nicolae_shop_temple_entry_statues_fountains
D:9:      layout_basic, grunt_temple_overflow_diamond,
          mainiacjoe_overflow_brackets, uniq_erica, uniq_maggie
D:10:     gammafunk_boulding_lane, layout_rooms
D:11:     layout_basic, uniq_lodul
D:12:     layout_irregular_city, erik_orc_2, uniq_urug

Skill      XL: |  1  2  3  4  5  6  7  8  9 10 11 12 |
---------------+-------------------------------------+-----
Axes           | 4 6 7 9 11 | 11.6
Fighting       | 5 10 14 | 14.5
Dodging        | 5 10 | 10.9
Spellcasting   | 3 |  3.4
Transmutations | 2 |  2.8

Action                   |  1- 3 |  4- 6 |  7- 9 | 10-12 || total
-------------------------+-------+-------+-------+-------++-------
Melee: Hand axe          |   106 |   110 |   265 |       ||   481
       Punch             |       |     1 |     9 |     9 ||    19
       War axe           |       |       |   107 |   338 ||   445
 Cast: Beastly Appendage |       |       |       |     1 ||     1
Evoke: Piece from Xom's  |     3 |     9 |    15 |     8 ||    35
       Wand              |       |       |       |    22 ||    22
  Use: Potion            |     5 |       |     8 |     6 ||    19
       Scroll            |     3 |     5 |    12 |     7 ||    27
 Stab: Paralysed         |       |     2 |     1 |     4 ||     7
       Petrified         |       |       |     3 |       ||     3
Armor: Robe              |    49 |    41 |   185 |    58 ||   333
       Steam dragon scal |       |       |       |    49 ||    49
       Acid dragon scale |       |       |       |    63 ||    63
       Skin              |       |       |       |     9 ||     9
Dodge: Dodged            |    61 |    50 |   145 |   159 ||   415

Table legend: (Time is in decaauts)
 A = Elapsed time spent in this place.
 B = Non-inter-level travel time spent in this place.
 C = Inter-level travel time spent in this place.
 D = Time resting spent in this place.
 E = Time spent auto-exploring this place.
 F = Levels seen in this place.
 G = Mean time per level.
                   A        B        C        D        E       F      G
               +--------+--------+--------+--------+--------+-----+--------+
         Total |  15294 |  15071 |    223 |   5768 |   6744 |  12 | 1274.5 |
       Dungeon |  15294 |  15071 |    223 |   5768 |   6744 |  12 | 1274.5 |
               +--------+--------+--------+--------+--------+-----+--------+

Top non-repeatable levels by time:
     D:4: 2499 daAuts
     D:6: 2119 daAuts
    D:11: 1596 daAuts
     D:1: 1570 daAuts
     D:3: 1402 daAuts
     D:5: 1000 daAuts
     D:7: 982 daAuts
     D:8: 960 daAuts
     D:9: 905 daAuts
    D:12: 897 daAuts
    D:10: 850 daAuts
     D:2: 509 daAuts
